 Dungeon Crawl Stone Soup version 0.16-a0-2254-g943817a (console) character file.

841 THEYGOTMYIPSWATINC the Grappler (level 7, -4/62 HPs)
             Began as a Troll Hunter on Nov 15, 2014.
             Was an Initiate of Cheibriados.
             Slain by a two-headed ogre
             ... wielding a cursed -2 giant club
              (14 damage)
             ... on level 8 of the Dungeon.
             The game lasted 00:09:04 (1514 turns).

THEYGOTMYIPSWATINC the Grappler (Troll Hunter)      Turns: 1514, Time: 00:09:04

Health: -4/62      AC:  5    Str: 22    XL:     7   Next: 67%
Magic:  3/3        EV: 10    Int: 10    God:    Cheibriados [......]
Gold:   90         SH:  0    Dex: 11    Spells: 0 memorised, 6 levels left

rFire  . . .     SeeInvis .       - Unarmed
rCold  . . .     Clarity  .     d - +0 animal skin
rNeg   . . .     SustAb   .     (shield restricted)
rPois  .         Gourm    +     (helmet restricted)
rElec  .         Spirit   .     (no cloak)
rCorr  .         Warding  .     (gloves unavailable)
rMut   .         Stasis   .     (boots unavailable)
MR     .....                    (no amulet)
Stlth  +.........               (no ring)
                                m - ring of flight

@: very slow, not resistant to hostile enchantments, very unstealthy
A: unfitting armour, claws 3, fast metabolism 3, gourmand, regeneration 2,
shaggy fur 1, tough skin 2
a: Bend Time, Renounce Religion, Evoke Flight


You were on level 8 of the Dungeon.
You worshipped Cheibriados.
Cheibriados was noncommittal.
You were not hungry.

You visited 2 branches of the dungeon, and saw 9 of its levels.

You collected 90 gold pieces.

Inventory:

Hand weapons
 f - a cursed -2 whip
 k - a +0 whip of freezing
Missiles
 b - 4 large rocks (quivered)
 c - 2 throwing nets
 q - 7 javelins
Armour
 d - a +0 animal skin (worn)
Jewellery
 m - a ring of flight (left claw)
 x - an uncursed amulet of stasis
Magical devices
 o - a wand of cold (5)
 u - a wand of paralysis (12)
 v - a wand of polymorph (7)
Scrolls
 e - 3 scrolls of identify {unknown}
 h - 2 scrolls of recharging {unknown}
 l - a scroll of enchant armour {unknown}
 r - a scroll of enchant weapon {unknown}
 s - a scroll of teleportation {unknown}
 t - a scroll of acquirement {unknown}
 w - 4 scrolls of random uselessness {unknown}
 y - a scroll of remove curse {unknown}
Potions
 g - 2 potions of haste {unknown}
 i - a potion of restore abilities {unknown}
 j - a potion of cure mutation {unknown}
 n - a potion of berserk rage {unknown}
 p - 2 potions of curing {unknown}
Comestibles
 a - 2 meat rations


   Skills:
 - Level 1.5 Fighting
 - Level 3.6 Throwing
 - Level 1.5 Dodging
 - Level 0.4 Stealth
 + Level 8.6 Unarmed Combat


You had 6 spell levels left.
You didn't know any spells.

Dungeon Overview and Level Annotations

Branches:
Dungeon (8/15)             Temple (1/1) D:6
   Lair: D:8-11

Altars:
Ashenzari
Cheibriados
Dithmenos
Elyvilon
Fedhas
Gozag
Nemelex Xobeh
Okawaru
Ru
Sif Muna
Vehumet
Xom
Yredelemnul
Zin


Innate Abilities, Weirdness & Mutations

You are too large for most types of armour.
You have claws for hands.
Your metabolism is lightning-fast.
You like to eat raw meat.
You heal very quickly.
You are covered in fur (AC +1).
You have very tough skin (AC +2).


Message History

You scratch the two-headed ogre.
The two-headed ogre begins to bleed from its wounds!
The two-headed ogre is moderately wounded.
The two-headed ogre hits you with a giant club!
The two-headed ogre barely misses you.
You completely miss the two-headed ogre.
The two-headed ogre is moderately wounded.
You claw the two-headed ogre!
The two-headed ogre is almost dead.
The two-headed ogre hits you with a giant club!
The two-headed ogre hits you with a giant spiked club!!
* * * LOW HITPOINT WARNING * * *
You barely miss the two-headed ogre.
The two-headed ogre is almost dead.
You feel sick.
You are no longer poisoned.
You barely miss the two-headed ogre.
The two-headed ogre is almost dead.
The two-headed ogre hits you with a giant club!
You die...

+ #.# ..# ..+ #
##+# #.#..
#.##..###.#...#
#..(......#...+
#.@....+...#
#.O....#...#
........##..#...#
##.##..###'#...+
#.##..##..#...#
........<#†..#
....(....'...+
##########...#
##+##


You could see a two-headed ogre (bleeding).

Vanquished Creatures
  An orc warrior (D:6)
  A phantom (D:5)
  2 ogres (D:6)
  A giant frog (D:6)
  A scorpion (D:4)
  A goliath beetle (D:7)
  An orc priest (D:4)
  A centaur skeleton (D:7)
  A hound (D:5)
  An iguana (D:5)
  2 orc wizards
  3 worker ants
  A hound skeleton (D:5)
  4 adders
  A shadow imp (D:6)
  A worm (D:5)
  7 orcs
  4 hobgoblins
  3 jackals (D:4)
  3 kobolds
  A bat (D:2)
  A giant newt (D:1)
  3 goblins
  3 rats
48 creatures vanquished.

Notes
Turn   | Place    | Note
--------------------------------------------------------------
     0 | D:1      | THEYGOTMYIPSWATINC, the Troll Hunter, began the quest for the Orb.
     0 | D:1      | Reached XP level 1. HP: 19/19 MP: 1/1
   132 | D:1      | Reached skill level 1 in Unarmed Combat
   211 | D:2      | Reached XP level 2. HP: 22/27 MP: 1/1
   340 | D:4      | Reached XP level 3. HP: 33/33 MP: 2/2
   425 | D:4      | Reached XP level 4. HP: 7/41 MP: 2/2
   493 | D:5      | Entered Level 5 of the Dungeon
   497 | D:5      | Reached skill level 4 in Unarmed Combat
   503 | D:5      | Reached XP level 5. HP: 22/48 MP: 2/2
   581 | D:4      | Noticed a scorpion
   589 | D:4      | Killed a scorpion
   589 | D:4      | Reached skill level 5 in Unarmed Combat
   638 | D:5      | Noticed a phantom
   682 | D:5      | Killed a phantom
   682 | D:5      | Reached skill level 6 in Unarmed Combat
   682 | D:5      | Reached XP level 6. HP: 24/55 MP: 3/3
   740 | D:6      | Reached skill level 7 in Unarmed Combat
   887 | D:6      | Reached XP level 7. HP: 19/62 MP: 3/3
   988 | D:6      | Found a staircase to the Ecumenical Temple.
   997 | Temple   | Entered the Ecumenical Temple
  1187 | D:6      | Reached skill level 8 in Unarmed Combat
  1409 | D:7      | Found a snail-covered altar of Cheibriados.
  1425 | D:7      | Became a worshipper of Cheibriados the Contemplative
  1472 | D:8      | Found an opulent altar of Gozag.
  1505 | D:8      | Noticed a two-headed ogre
  1514 | D:8      | Slain by a two-headed ogre

Action                   |  1- 3 |  4- 6 |  7- 9 || total
-------------------------+-------+-------+-------++-------
Melee: Unarmed           |    59 |    58 |    67 ||   184
Throw: Large rock        |       |     6 |     1 ||     7
 Stab: Distracted        |       |       |     1 ||     1
  Eat: Chunk             |     1 |     4 |     6 ||    11
